AoeStats
← 欢乐小菜鸟

Arena

507047460Analyzed
4v4 RM · 15d ago on Sep 16, 2026· 40m 58s· 8 players
Game mode
Random Map
Map size
Large (8 player)
Population
200
Speed
Normal
Resources
Standard
Victory
Conquest
Starting age
Dark Age
Ending age
Imperial Age
RankedLock teamsTeams togetherTeam positionsShared explorationLock speedFull tech treeHidden civsTurbo modeCheats
Victory
Defeat
962
+17
🇦🇺 Berbers · Australia
941
+18
🇨🇳 Franks · China
941
+18
🇦🇺 Britons · Australia
887
+26
🇳🇱 Khmer · Netherlands
1030
-20
🇫🇷 Byzantines · France
999
-19
🇨🇦 Teutons · Canada
965
-18
🇧🇷 Slavs · Brazil
936
-16
thegladiator989
11:17 Feudal Age
12:41 Wheelbarrow
12:39 Horse Collar
15:19 Castle Age
17:44 Fervor
20:32 Sanctity
21:02 Loom
23:59 Heavy Plow
25:20 Double-Bit Axe
25:56 Hand Cart
29:29 Gold Mining
29:31 Stone Mining
29:59 Forging
32:45 Imperial Age
30:00 Town Watch
30:44 Fortified Wall
30:55 Ballistics
30:46 Masonry
31:04 Pikeman
31:30 Gambesons
32:20 Bow Saw
32:47 Iron Casting
32:12 Scale Mail Armor
32:03 Fletching
32:19 Scale Barding Armor
33:18 Bloodlines
34:40 Chemistry
33:18 Cavalier
35:17 Chain Mail Armor
37:28 Squires
37:21 Halberdier
adjorno
10:55 Feudal Age
11:47 Loom
14:46 Castle Age
13:04 Double-Bit Axe
13:02 Horse Collar
16:02 Bow Saw
19:04 Heavy Plow
23:09 Gold Mining
24:33 Gold Shaft Mining
25:23 Wheelbarrow
28:25 Imperial Age
26:17 Fletching
27:24 Bodkin Arrow
27:53 Padded Archer Armor
28:32 Stone Mining
29:15 Bracer
29:30 Bloodlines
29:21 Husbandry
29:52 Conscription
30:20 Hand Cart
31:35 Chemistry
31:32 Heavy Scorpion
32:33 Double Crossbow
32:58 Leather Archer Armor
32:33 Town Watch
33:26 Crop Rotation
33:58 Elite Ballista Elephant
36:08 Ring Archer Armor
35:44 Scale Barding Armor
35:50 Forging
37:20 Ballistics
38:26 Caravan
39:10 Iron Casting
40:57 Coinage
40:40 Tusk Swords
Pegasus75
7:16 Loom
11:48 Feudal Age
16:11 Castle Age
22:13 Imperial Age
21:28 Double-Bit Axe
24:18 Chemistry
28:32 Wheelbarrow
30:11 Hand Cart
31:26 Loom
31:12 Pikeman
31:52 Squires
34:21 Squires
34:23 Scale Mail Armor
34:34 Forging
35:51 Gold Mining
36:21 Elite Skirmisher
37:39 Thumb Ring
38:15 Fletching
38:40 Bow Saw
40:04 Bodkin Arrow
andre.luizmg
10:52 Feudal Age
15:36 Castle Age
13:44 Double-Bit Axe
13:55 Horse Collar
16:36 Wheelbarrow
22:52 Heavy Plow
25:14 Loom
27:14 Gold Mining
27:46 Scale Mail Armor
27:57 Forging
28:59 Gold Shaft Mining
31:03 Imperial Age
29:12 Bow Saw
29:25 Chain Mail Armor
28:35 Man-at-Arms
29:36 Squires
29:37 Stone Mining
30:53 Iron Casting
30:23 Town Watch
31:08 Hand Cart
30:32 Long Swordsman
31:10 Fletching
30:49 Pikeman
31:49 Druzhina
31:12 Capped Ram
33:14 Two-Man Saw
32:53 Crop Rotation
31:56 Two-Handed Swordsman
32:18 Siege Ram
34:28 Plate Mail Armor
34:59 Blast Furnace
33:43 Champion
SlayQueen
15:21 Feudal Age
18:52 Castle Age
16:53 Double-Bit Axe
17:00 Horse Collar
17:33 Stone Mining
18:53 Wheelbarrow
19:38 Loom
20:16 Bow Saw
20:39 Heavy Plow
20:33 Gold Mining
21:50 Hand Cart
31:42 Imperial Age
29:11 Fletching
29:50 Ballistics
29:13 Pikeman
30:40 Murder Holes
30:43 Bodkin Arrow
30:51 Padded Archer Armor
30:54 Scale Mail Armor
32:03 Yeomen
31:50 Gambesons
33:01 Conscription
33:21 Leather Archer Armor
33:09 Bracer
35:03 Ring Archer Armor
34:50 Chain Mail Armor
34:40 Elite Longbowman
36:20 Hoardings
40:37 Forging
40:59 Plate Mail Armor
Socom
12:12 Feudal Age
10:51 Loom
16:44 Castle Age
16:30 Double-Bit Axe
17:49 Wheelbarrow
19:08 Bow Saw
18:45 Horse Collar
25:44 Town Watch
31:30 Imperial Age
29:35 Husbandry
30:05 Bloodlines
30:15 Kasbah
31:31 Kasbah
31:48 Scale Barding Armor
31:55 Forging
31:32 Cavalier
33:26 Chain Barding Armor
36:05 Plate Barding Armor
35:41 Forging
39:34 Chemistry
40:38 Iron Casting
40:04 Scale Mail Armor
Fischer fischt Fisch
10:31 Feudal Age
16:12 Castle Age
14:40 Double-Bit Axe
19:11 Chemistry
32:14 Imperial Age
30:13 Padded Archer Armor
31:07 Wheelbarrow
30:25 Horse Collar
31:34 Wagenburg Tactics
34:02 Conscription
34:34 Ballistics
38:06 Houfnice
欢乐小菜鸟
11:44 Feudal Age
15:44 Castle Age
13:54 Double-Bit Axe
18:37 Bow Saw
19:56 Wheelbarrow
20:07 Wheelbarrow
23:57 Stone Mining
24:19 Gold Mining
26:26 Gold Shaft Mining
26:34 Hand Cart
26:45 Loom
30:26 Imperial Age
28:02 Town Watch
29:14 Scale Barding Armor
30:19 Husbandry
30:40 Chain Barding Armor
30:51 Forging
31:36 Conscription
31:10 Cavalier
32:27 Plate Barding Armor
32:40 Paladin
33:57 Iron Casting
36:28 Blast Furnace
35:21 Fletching
36:29 Capped Ram
38:40 Pikeman
39:20 Squires
39:31 Scale Mail Armor
39:26 Bodkin Arrow
39:32 Padded Archer Armor
Connection lost

Rejoining the realm…

Still unreachable

The connection could not be restored.

Session expired

The server has moved on; the page needs a fresh start.